 Dungeon Crawl Stone Soup version 0.32-a0-520-g344ed53f66 (webtiles) character file.

Game seed: 16241910067547218601

28 ezpacito the Trooper (level 3, 27/29 HPs)
             Began as a Demonspawn Chaos Knight on Feb 27, 2024.
             Was a Plaything of Xom.
             Quit the game on level 1 of the Dungeon.
             The game lasted 00:01:02 (539 turns).

ezpacito the Trooper (Demonspawn Chaos Knight)       Turns: 539, Time: 00:01:02

Health: 27/29      AC:  5    Str: 14    XL:     3   Next: 0%
Magic:  4/13       EV: 11    Int: 12    God:    Xom [..*...]
Gold:   13         SH:  0    Dex: 12    Spells: 3/3 levels left

rFire   . . .        a - +0 hand axe (chaos)
rCold   . . .        (no shield)
rNeg    . . .        b - +2 leather armour
rPois   .            (helmet restricted)
rElec   .            (no cloak)
rCorr   .            (no gloves)
SInv    .            (no boots)
Will    .....        h - amulet of the acrobat
Stlth   +            d - ring of magical power
HPRegen 1.24/turn    (no ring)
MPRegen 0.13/turn

%: acrobat
@: no status effects
A: antennae 1, powered by death 1
a: Renounce Religion


You were on level 1 of the Dungeon.
You worshipped Xom.
You were a toy of Xom.
You visited 1 branch of the dungeon, and saw 1 of its levels.

You collected 13 gold pieces.

Inventory:

Hand Weapons
 a - a +0 hand axe of chaos (weapon)
Armour
 b - a +2 leather armour (worn)
Jewellery
 d - a ring of magical power (left hand)
 h - an amulet of the acrobat (around neck)
Scrolls
 c - a scroll of butterflies
 e - a scroll of revelation {unknown}
 f - a scroll of immolation {unknown}
 i - a scroll of torment {unknown}
Potions
 g - a potion of might {unknown}


   Skills:
 * Level 3.2 Fighting
 * Level 2.8(2.9) Axes
 + Level 0.1(1.6) Polearms
 * Level 2.0 Armour
 * Level 1.2 Dodging
 + Level 0.3 Stealth
 * Level 0.5 Unarmed Combat
 * Level 0.9 Spellcasting


You had 3 spell levels left.
You didn't know any spells.
Your spell library was empty.

Dungeon Overview and Level Annotations

Branches:
Dungeon (1/15)

Altars:


Innate Abilities, Weirdness & Mutations

You have a pair of small antennae on your head.
You regenerate a little health from kills.


Message History

The kobold hits you with a +0 short sword.
You hit the kobold.
You kill the kobold!
No target in view!
No target in view!
No target in view!
No target in view!
No target in view!
No target in view!
g - a smoky ruby potion
h - an amulet of the acrobat No target in view!
i - a scroll labelled ORGHAU PIOMIMIO A goblin comes into view.
It is wielding a +0 club.
You feel your magic capacity increase.
d - a ring of magical power (left hand)
The goblin shouts!
You start putting on your amulet.
You continue putting on your amulet of the acrobat. x5
The goblin hits you with a +0 club.
You finish putting on your amulet of the acrobat.
You feel ready to tumble and roll out of harm's way.
h - an amulet of the acrobat (around neck)
You hit the goblin but do no damage.
The goblin evaporates and reforms as a dart slug!
You hit the dart slug. You burn the dart slug.
The dart slug is heavily wounded.
The dart slug misses you.
You hit the dart slug.
The dart slug is severely wounded.
The dart slug closely misses you.
You hit the dart slug but do no damage. You drain the dart slug.
You kill the dart slug!
You have reached level 3!
Your experience leads to an increase in your attributes!
Increase (S)trength, (I)ntelligence, or (D)exterity?
You feel stronger. x2; Your demonic ancestry asserts itself...
A pair of antennae grows on your head!
Okay, then.
Are you sure you want to abandon this character and quit the game? (Confirm with "yes".)

#.... ...### #####...
.. ...... #....... ..
###### #......
.###..... #......
.........
#.....########.##.....
#....)##.....#.##.....
#....@##.....#.##.....
#...............#.....
#...............#.....
#...............#.....
######.#.####...#..)..
#.#.# #...#.....
######.####...#.....
.............##.....
#####.......#....##


There were no monsters in sight!

Vanquished Creatures
  A dart slug (D:1)
  3 endoplasms (D:1)
  4 goblins (D:1)
  3 hobgoblins (D:1)
  3 jackals (D:1)
  4 kobolds (D:1)
  2 quokkas (D:1)
  A ball python (D:1)
  A bat (D:1)
  A frilled lizard (D:1)
23 creatures vanquished.

Notes
Turn   | Place    | Note
-------+----------+-------------------------------------------
     0 | D:1      | ezpacito the Demonspawn Chaos Knight began the quest for
                  | the Orb.
     0 | D:1      | Reached XP level 1. HP: 18/18 MP: 1/1
   109 | D:1      | Reached skill level 1 in Dodging
   113 | D:1      | Gained mutation: You regenerate a little health from kills.
                  | [demonic ancestry]
   113 | D:1      | Reached XP level 2. HP: 23/24 MP: 2/2
   539 | D:1      | Gained mutation: You have a pair of small antennae on your
                  | head. [demonic ancestry]
   539 | D:1      | Reached XP level 3. HP: 27/29 MP: 4/4
   539 | D:1      | Quit the game

Illustrated notes

Levels and vault maps discovered:
D:1:      shiori_arrival_maze, layout_basic

Skill      XL: |  1  2 |
---------------+-------+-----
Dodging        | 1 |  1.2
Armour         | 2 |  2.0
Fighting       | |  3.2
Axes           | |  2.8
Polearms       | |  0.1
Stealth        | |  0.3
Unarmed Combat | |  0.5
Spellcasting   | |  0.9

Action                     || total
---------------------------++-------
  Melee: Hand axe          ||    60
 Armour: Leather armour    ||    34
  Dodge: Dodged            ||    25

Table legend: (Time is in decaauts)
 A = Elapsed time spent in this place.
 B = Non-inter-level travel time spent in this place.
 C = Inter-level travel time spent in this place.
 D = Time resting spent in this place.
 E = Time spent auto-exploring this place.
 F = Levels seen in this place.
 G = Mean time per level.
                   A        B        C        D        E       F      G
               +--------+--------+--------+--------+--------+-----+--------+
         Total |    548 |    548 |      0 |      0 |    408 |   1 |  548.0 |
       Dungeon |    548 |    548 |      0 |      0 |    408 |   1 |  548.0 |
               +--------+--------+--------+--------+--------+-----+--------+

Top non-repeatable levels by time:
     D:1: 548 daAuts
